 Dungeon Crawl Stone Soup version 0.26-a0-694-g74916bafe0 (webtiles) character file.

Game seed: 12683613416559922875

240 Peloso the Covered (level 5, 0/47 HPs)
             Began as a Minotaur Fighter on Oct 25, 2020.
             Succumbed to a scorpion's poison
             ... on level 3 of the Dungeon.
             The game lasted 00:06:14 (2948 turns).

Peloso the Covered (Minotaur Fighter)               Turns: 2948, Time: 00:06:14

Health: 0/47       AC:  9    Str: 20    XL:     5   Next: 79%
Magic:  4/4        EV:  8    Int:  5    God:
Gold:   169        SH: 14    Dex: 13    Spells: 4/4 levels left

rFire    + . .     SeeInvis .   a - +0 long sword
rCold    + . .     Faith    .   c - +0 kite shield
rNeg     . . .     Spirit   .   b - +0 scale mail
rPois    +         Reflect  .   (helmet restricted)
rElec    +         Harm     .   i - +0 cloak
rCorr    +         Rampage  .   (no gloves)
MR       .....                  n - +0 pair of boots
Stlth    ..........             (no amulet)
HPRegen  0.15/turn              (no ring)
MPRegen  0.09/turn              (no ring)

@: mighty, lethally poisoned (0 -> -1), resistant
A: retaliatory headbutt, horns 2, large bone plates 1, agile 1
a: no special abilities


You were on level 3 of the Dungeon.
You visited 1 branch of the dungeon, and saw 4 of its levels.

You collected 169 gold pieces.

Inventory:

Hand Weapons
 a - a +0 long sword (weapon)
Armour
 b - a +0 scale mail (worn)
 c - a +0 kite shield (worn)
 i - a +0 cloak (worn)
 n - a +0 pair of boots (worn)
Wands
 h - a wand of flame (17)
 l - a wand of polymorph (9)
Scrolls
 f - 4 scrolls of teleportation
 g - 2 scrolls of fog {unknown}
 j - 2 scrolls of identify {unknown}
 k - a scroll of enchant armour {unknown}
Potions
 d - a potion of might
 e - 2 potions of mutation


   Skills:
 + Level 4.3 Fighting
 + Level 3.9 Long Blades
 + Level 5.1 Armour
 + Level 1.7 Dodging
 + Level 0.5 Stealth
 + Level 5.1 Shields


You had 4 spell levels left.
You didn't know any spells.
Your spell library was empty.

Dungeon Overview and Level Annotations

Branches:
Dungeon (4/15)
 Temple: D:4-7

Altars:
Trog
Zin


Innate Abilities, Weirdness & Mutations

You reflexively headbutt those who attack you in melee.
You have a pair of horns on your head.
You are partially covered in large bone plates. (SH +4)
You are agile. (Dex +2)


Message History

As you read the scroll labeled UNUQILUUM, it crumbles to dust.
You feel strangely unstable.
It was a scroll of teleportation.
* * * LOW HITPOINT WARNING * * *
You feel sick.
You see here an adder corpse.
Your surroundings suddenly seem different.
You see here a whip.
* * * LOW HITPOINT WARNING * * *
You feel sick.
* * * LOW HITPOINT WARNING * * *
You feel sick.
You feel protected.
* * * LOW HITPOINT WARNING * * *
You feel sick.
You feel very mighty all of a sudden.
Sorry, you're not good enough to have a special ability.
Unknown command.
* * * LOW HITPOINT WARNING * * *
You feel sick.
You die...

#.# #...# #........# ##'## ###.#
#.##.#...# ##...## #.# #.##.....#
#.....## #.## #.##..#..#
.......## #..##### #.##.....# #
........####......###........####
........+.......#.).............'
........####......#######....####
.......## ##.##@## #.#.## #
#.....##########.# #.###
##.........# #.# #.# ##..#####.#
#.# #.# #..# #.# #.# #.#
#..#####.#####.# ##.##
##..............# #...#
##.>.###)#..###### #.).#
#...........# ####...######


There were no monsters in sight!

Vanquished Creatures
  A scorpion (D:3)
  Crazy Yiuf (D:3)
  Jessica (D:3)
  A worker ant (D:3)
  4 adders
  2 worms (D:2)
  3 dart slugs
  A leopard gecko (D:3)
  An orc (D:3)
  5 giant cockroaches
  5 goblins
  5 hobgoblins
  6 jackals
  3 quokkas (D:2)
  10 bats
  3 frilled lizards
  9 kobolds
  7 rats
68 creatures vanquished.

Notes
Turn   | Place    | Note
-------+----------+-------------------------------------------
     0 | D:1      | Peloso the Minotaur Fighter began the quest for the Orb.
     0 | D:1      | Reached XP level 1. HP: 19/19 MP: 0/0
   166 | D:1      | Reached XP level 2. HP: 27/27 MP: 1/1
   673 | D:1      | Reached XP level 3. HP: 33/33 MP: 2/2
  1291 | D:2      | Reached skill level 1 in Dodging
  1326 | D:2      | Reached XP level 4. HP: 40/40 MP: 3/3
  1900 | D:3      | Found a runed translucent door.
  1901 | D:3      | Noticed Crazy Yiuf
  1908 | D:3      | Killed Crazy Yiuf
  1999 | D:3      | Noticed Jessica
  2004 | D:3      | Killed Jessica
  2218 | D:3      | Found a glowing silver altar of Zin.
  2300 | D:3      | Reached XP level 5. HP: 46/46 MP: 4/4
  2422 | D:3      | Found a bloodstained altar of Trog.
  2920 | D:3      | Gained mutation: You are agile. (Dex +2) [potion of
                  | mutation]
  2920 | D:3      | Gained mutation: You are partially covered in large bone
                  | plates. (SH +4) [potion of mutation]
  2922 | D:3      | Reached skill level 5 in Armour
  2922 | D:3      | Reached skill level 5 in Shields
  2934 | D:3      | HP: 2/47 [poisoned by a scorpion]
  2940 | D:3      | HP: 1/47 [poisoned by a scorpion]
  2948 | D:3      | Succumbed to a scorpion's poison

Illustrated notes

Levels and vault maps discovered:
D:1:      dpeg_arrival_radiant, layout_basic
D:2:      layout_loops_ring
D:3:      layout_loops_corners, overflow_temple_1_default,
          lightli_temple_of_fire, uniq_jessica, uniq_crazy_yiuf_cottage
D:4:      layout_cave_pools, minmay_pentomino_pile, uniq_pikel, uniq_ijyb,
          uniq_eustachio

Skill      XL: |  1  2  3  4  5 |
---------------+----------------+-----
Armour         | 4 5 |  5.1
Shields        | 4 5 |  5.1
Fighting       | 4 |  4.3
Dodging        | 1 |  1.7
Long Blades    | 3 |  3.9
Stealth        | |  0.5

Action                   |  1- 3 |  4- 6 || total
-------------------------+-------+-------++-------
Melee: Long sword        |   125 |    60 ||   185
       Headbutt          |    14 |    14 ||    28
  Use: Potion            |     1 |     4 ||     5
       Scroll            |       |     1 ||     1
Armor: Scale mail        |    84 |    31 ||   115
Dodge: Dodged            |    52 |    33 ||    85
Block: Kite shield       |    79 |    45 ||   124
       Rpst.: Long sword |     9 |    11 ||    20

Table legend: (Time is in decaauts)
 A = Elapsed time spent in this place.
 B = Non-inter-level travel time spent in this place.
 C = Inter-level travel time spent in this place.
 D = Time resting spent in this place.
 E = Time spent auto-exploring this place.
 F = Levels seen in this place.
 G = Mean time per level.
                   A        B        C        D        E       F      G
               +--------+--------+--------+--------+--------+-----+--------+
         Total |   3010 |   2936 |     74 |    275 |   2057 |   4 |  752.5 |
       Dungeon |   3010 |   2936 |     74 |    275 |   2057 |   4 |  752.5 |
               +--------+--------+--------+--------+--------+-----+--------+

Top non-repeatable levels by time:
     D:3: 1255 daAuts
     D:2: 888 daAuts
     D:1: 860 daAuts
     D:4: 6 daAuts
